 Dungeon Crawl Stone Soup version 0.26-b1-32-g5d43845318 (webtiles) character file.

Game seed: 16586269676108173351

1180 Borgoz the Cutter (level 8, -5/56 HPs)
             Began as a Halfling Gladiator on Jan 9, 2021.
             Killed by nerve-wracking pain
             ... invoked by Grinder
              (12 damage)
             ... on level 5 of the Dungeon.
             The game lasted 00:12:05 (5852 turns).

Borgoz the Cutter (Halfling Gladiator)              Turns: 5852, Time: 00:12:05

Health: -5/56      AC:  5    Str: 16    XL:     8   Next: 69%
Magic:  8/8        EV: 16    Int:  6    God:
Gold:   359        SH:  7    Dex: 23    Spells: 7/7 levels left

rFire    . . .     SeeInvis +   a - +0 rapier
rCold    . . .     Faith    .   h - +0 buckler
rNeg     . . .     Spirit   .   l - +0 leather armour
rPois    .         Reflect  .   c - +1 helmet
rElec    .         Harm     .   (no cloak)
rCorr    .         Rampage  .   (no gloves)
Will     .....                  (no boots)
Stlth    +++.......             q - amulet of regeneration
HPRegen  0.58/turn              g - ring of see invisible
MPRegen  0.11/turn              o - +6 ring of dexterity

@: mighty
A: small, mutation resistance 1
a: no special abilities


You were on level 5 of the Dungeon.
You visited 1 branch of the dungeon, and saw 5 of its levels.
You also visited: Sewer.

You collected 359 gold pieces.

Inventory:

Hand Weapons
 a - a +0 rapier (weapon)
 b - a +1 dagger of speed
Armour
 c - a +1 helmet (worn)
 h - a +0 buckler (worn)
 l - a +0 leather armour (worn)
Jewellery
 f - an uncursed ring of resist corrosion
 g - a ring of see invisible (left hand)
 n - an uncursed ring of fire
 o - a +6 ring of dexterity (right hand)
 q - an amulet of regeneration (around neck)
 t - an uncursed ring of flight
Wands
 r - a wand of flame (14)
Scrolls
 e - a scroll of remove curse
 k - 6 scrolls of teleportation
 m - a scroll of fog
 u - a scroll of blinking {unknown}
 x - a scroll of magic mapping {unknown}
 y - a scroll of identify
Potions
 j - a potion of flight
 p - 4 potions of curing {unknown}
 v - a potion of brilliance
 w - a potion of magic {unknown}


   Skills:
 * Level 5.5 Fighting
 + Level 5.9 Short Blades
 - Level 2.0 Throwing
 + Level 4.0 Armour
 - Level 3.3 Dodging
 + Level 4.4 Stealth
 + Level 3.9 Shields


You had 7 spell levels left.
You didn't know any spells.
Your spell library was empty.

Dungeon Overview and Level Annotations

Branches:
Dungeon (5/15)              Sewer (visited)
 Temple: D:4-7

Altars:
Trog
Xom
Lugonu

Portals:
Abyss: D:4

Annotations:
D:5 2 runed translucent doors, Borgoz's ghost, novice HaFi; Grinder


Innate Abilities, Weirdness & Mutations

You are small and have problems with some larger weapons.
You are somewhat resistant to further mutation.


Message History

You feel much better. Grinder gestures at you.
You suddenly lose the ability to move!
Grinder gestures at you. Pain shoots through your body!
Grinder zaps a wand.
The puff of flame hits you.
Grinder grins, showing sharp teeth.
Grinder zaps a wand.
The puff of flame hits you. Grinder gestures at you.
You shrug off the repeated paralysis!
Grinder gestures at you. Pain shoots through your body!
* * * LOW HITPOINT WARNING * * *
Grinder hits you!
* * * LOW HITPOINT WARNING * * *
You can move again.
You feel very mighty all of a sudden. Grinder gestures at you.
Pain shoots through your body!
You die...

###### .....#
####.#
####.########
###
.............
.(#
####.########
#.# #.# #5#
#.# #@# #.#
#.# # #.# #.#
# #.# #.# #
#.# #.#
####.### #.##
.......# #..#
######.# ##.#
# #.# ##.##


You could see Grinder.

Vanquished Creatures
  2 phantoms
  2 ogres (D:5)
  A centaur (D:5)
  2 bullfrogs (Sewer)
  A howler monkey (D:2)
  2 bullfrog zombies
  3 hounds (D:4)
  An orc wizard (D:3)
  2 centaur skeletons (D:4)
  2 worker ants
  5 river rats (Sewer)
  11 adders
  2 white imps (D:5)
  3 oozes
  3 adder skeletons
  4 worms
  3 dart slugs
  4 leopard geckos
  4 orcs
  13 ball pythons
  7 bats
  8 giant cockroaches
  11 hobgoblins
  2 jackals (D:4)
  A quokka (D:2)
  A ball python zombie (D:5)
  7 frilled lizards
  5 goblins
  8 kobolds
  32 rats
  A lurking horror (D:4)
153 creatures vanquished.

Vanquished Creatures (others)
  An ogre (D:4)
  2 orcs (D:4)
3 creatures vanquished.

Grand Total: 156 creatures vanquished

Notes
Turn   | Place    | Note
-------+----------+-------------------------------------------
     0 | D:1      | Borgoz the Halfling Gladiator began the quest for the Orb.
     0 | D:1      | Reached XP level 1. HP: 14/14 MP: 1/1
   100 | D:1      | Reached XP level 2. HP: 19/19 MP: 2/2
   408 | D:1      | Reached skill level 1 in Stealth
   418 | D:1      | Reached XP level 3. HP: 21/24 MP: 3/3
   450 | D:1      | Reached skill level 1 in Armour
  1407 | D:2      | Reached XP level 4. HP: 30/30 MP: 4/4
  1452 | D:2      | Reached skill level 1 in Shields
  1647 | D:2      | Reached XP level 5. HP: 36/36 MP: 5/5
  3325 | D:4      | Killed an ogre
  3334 | D:4      | Reached XP level 6. HP: 39/42 MP: 6/6
  3867 | D:4      | Noticed a phantom
  3908 | D:4      | Reached XP level 7. HP: 33/47 MP: 7/7
  3948 | D:4      | Reached skill level 5 in Short Blades
  4061 | D:4      | Found a shimmering altar of Xom.
  4218 | D:4      | Found a bloodstained altar of Trog.
  4257 | D:4      | Found a corrupted altar of Lugonu.
  4259 | D:4      | Found a one-way gate to the infinite horrors of the Abyss.
  4572 | D:5      | Entered Level 5 of the Dungeon
  4626 | D:5      | Found a large runed translucent door.
  4626 | D:5      | Found a large runed translucent door.
  4635 | D:5      | Noticed Borgoz's ghost (novice HaFi)
  4848 | D:5      | Reached XP level 8. HP: 26/54 MP: 8/8
  4951 | D:5      | Reached skill level 5 in Fighting
  5030 | D:5      | Found a glowing drain.
  5041 | Sewer    | Entered a sewer
  5816 | D:5      | Noticed Grinder
  5845 | D:5      | Paralysed by Grinder for 7 turns
  5852 | D:5      | Killed from afar by Grinder

Illustrated notes

Levels and vault maps discovered:
D:1:      sevenhm_arrival_forest_fort_large_2, layout_rooms, serial_forest,
          infiniplex_forest_clump_medium, infiniplex_forest_lined_room_2,
          infiniplex_forest_zigzag_2, infiniplex_forest_split,
          infiniplex_forest_straight_5
D:2:      layout_loops_cross, kennysheep_small_spiral, kennysheep_donut
D:3:      layout_basic
D:4:      layout_cave_pools, bloody_trog, xom_confusion_cloud,
          amcnicky_altar_lugonu_corruption
D:5:      layout_loops_ring, marbit_many_paths, ebering_ghost_disaster_area,
          cheibrodos_sewer_entry_bend, uniq_grinder

Skill      XL: |  1  2  3  4  5  6  7  8 |
---------------+-------------------------+-----
Fighting       | 2 3 4 5 |  5.5
Stealth        | 1 2 3 4 |  4.4
Armour         | 1 2 3 4 |  4.0
Short Blades   | 4 5 |  5.9
Shields        | 1 2 3 |  3.9
Throwing       | |  2.0
Dodging        | |  3.3

Action                   |  1- 3 |  4- 6 |  7- 9 || total
-------------------------+-------+-------+-------++-------
Melee: Rapier            |    89 |   173 |   313 ||   575
       Dagger            |       |    62 |       ||    62
Throw: Throwing net      |       |     2 |     3 ||     5
  Use: Scroll            |       |    10 |     7 ||    17
       Potion            |       |     1 |     5 ||     6
 Stab: Sleeping          |     4 |     5 |     6 ||    15
       Distracted        |       |     2 |       ||     2
       Held in net/web   |       |       |     2 ||     2
Armor: Leather armour    |    21 |    26 |    53 ||   100
       Skin              |       |       |    40 ||    40
Dodge: Dodged            |    69 |   148 |   220 ||   437
Block: Buckler           |    16 |    45 |   124 ||   185
